Unix NetHack Version 3.7.0-97 Work-in-progress - last build Feb 8 2024 15:05:57 (6d6cdf8371b60126770a3d7b88910941cb14a054,branch:master). Game began 2024-02-12 20:11:08, ended 2024-02-12 21:55:17. nurdglaw, chaotic female human Rogue -------------- # ##################.............| #[### |.......<....| [ #-............-### ------- # #####-|---------|--#######-.....| .------------######)#######)#### |.....| |C.........C|## # # ##-.....| |.....C......## # ## # |.....| |...-----...|# #### # ------- |.....{ |...|# )0 ## -------------- |..C|{.{|C..|# ## ## |...ooo......| |...|.{.....|# ##### # |....@of.o...| |...-----...|# ## ## # |.....o....".-######## |.....C.....|# # # # -------------- # |C.........C|################## # #### --.----------# -----|----|-----# ###################### |........^>....-# |..............| ---------------- Nurdglaw the Cutpurse St:13 Dx:18 Co:13 In:10 Wi:16 Ch:10 Chaotic S:1618 Dlvl:7 $:0 HP:0(42) Pw:29(29) AC:9 Xp:5/302 T:3931 Burdened Latest messages: The 3rd dagger hits the housecat. You kill the housecat! You have a little trouble lifting b - 9 uncursed +0 daggers (at the ready) (11 in total). You have a little trouble lifting b - 2 uncursed +0 daggers (at the ready) (13 in total). You stumble into a spider web! You are stuck to the web. You are stuck to the web. You disentangle yourself. You see here a crossbow. You are momentarily blinded by a flash of light! You hear a deafening roar! Wait! There's something there you can't see! It hits! It hits! It hits! It hits! It hits! What do you want to drink? [isx-zADT or ?*] ? You feel better. You can see again. You can hear again. The Uruk-hai hurls a potion called milky - cnfsn, xtr hlng, hllcntn, rstr blty, slpng! The jar crashes on your head and breaks into shards. The potion called milky - cnfsn, xtr hlng, hllcntn, rstr blty, slpng evaporates. You feel rather tired. The Uruk-hai hits! The kitten bites the Uruk-hai. The Uruk-hai hits the kitten. The kitten misses the Uruk-hai. The Uruk-hai thrusts his crude short sword. The Uruk-hai hits! The Uruk-hai hits! The Uruk-hai shoots 2 poisoned crude arrows! The 1st poisoned crude arrow hits the kitten. The 2nd poisoned crude arrow misses the kitten. The 2nd poisoned crude arrow hits the Uruk-hai. The poison doesn't seem to affect the Uruk-hai. The Uruk-hai hits! The Uruk-hai hits! The kitten misses the Uruk-hai. The kitten bites the Uruk-hai. The Uruk-hai thrusts his crude short sword. The Uruk-hai hits! The Uruk-hai hits! You die... Do you want your possessions identified? [ynq] (y) y Do you want to see your attributes? [ynq] (y) y Do you want an account of creatures vanquished? [ynaq] (y) y Do you want to see your conduct and achievements? [ynq] (y) y Do you want to see the dungeon overview? [ynq] (y) y Inventory: Amulets u - an uncursed amulet versus poison (being worn) Weapons b - 13 uncursed +0 daggers (at the ready) X - an uncursed rusty +0 orcish dagger (weapon in right hand) a - an uncursed +0 short sword Armor W - an uncursed +0 cloak of displacement (being worn) c - an uncursed +1 leather armor Comestibles H - a cursed tripe ration Scrolls E - an uncursed scroll of amnesia S - 3 uncursed scrolls of blank paper Q - an uncursed scroll of confuse monster K - an uncursed scroll of enchant armor O - an uncursed scroll of enchant weapon P - an uncursed scroll of scare monster Spellbooks L - an uncursed spellbook of protection G - an uncursed spellbook of restore ability Potions s - an uncursed potion of booze T - an uncursed potion of hallucination z - a blessed potion of healing y - an uncursed potion of healing i - an uncursed potion of levitation x - an uncursed potion of paralysis D - an uncursed potion of sleeping A - an uncursed potion of speed Rings B - an uncursed +1 ring of gain constitution C - a cursed -2 ring of increase damage Tools h - an uncursed sack containing 9 items k - an uncursed lock pick p - an uncursed +0 pick-axe U - an uncursed tin whistle Gems/Stones R - an uncursed agate stone Contents of the sack: 50 gold pieces an uncursed scroll of destroy armor an uncursed scroll of scare monster a blessed potion of healing an uncursed potion of healing 2 uncursed potions of sickness a potion of holy water a cursed -1 ring of increase accuracy an uncursed amber stone Nurdglaw the Rogue's attributes: Background: You were a Cutpurse, a level 5 female human Rogue. You were chaotic, on a mission for Kos who was opposed by Issek (lawful) and Mog (neutral). You were right-handed. You were in the Dungeons of Doom, on level 7. You entered the dungeon 3931 turns ago. You had 302 experience points, 18 more were needed to attain level 6. Your score was 1618 before end-of-game adjustments. Basics: You had 0 out of 42 hit points. You had all 29 energy points (spell power). Your armor class was 9. Your wallet was empty, but you had 50 zorkmids stashed away in your pack. Autopickup was on for '$' plus thrown. Final Characteristics: Your strength was 13 (limit:18/100). Your dexterity was 18 (limit:18). Your constitution was 13 (limit:18). Your intelligence was 10 (limit:18). Your wisdom was 16 (limit:18). Your charisma was 10 (limit:18). Final Status: You weren't hungry. You were burdened; movement was slightly slowed. You were wielding a dagger. You were skilled in dagger. Final Attributes: You were piously aligned. You were poison resistant. You were displaced. You were stealthy. You were warded. You are dead. Miscellaneous: You encountered 1 bones level. Total elapsed playing time was 1 hour, 44 minutes and 9 seconds. Major events: Turn 1: nurdglaw the chaotic female human Rogue entered the dungeon 998: attained the rank of Cutpurse (level 3) 1224: entered the Gnomish Mines 3931: killed by an Uruk-hai, while sleeping off a magical draught Vanquished creatures: a housecat 2 rock piercers a shrieker a gnome leader a kobold mummy a straw golem a paper golem a floating eye a dwarf 2 homunculi 2 hill orcs 4 rothes a rabid rat a giant bat a werejackal 3 iguanas 2 coyotes 5 manes 2 large kobolds a hobgoblin a giant rat 4 cave spiders a brown mold a yellow mold a red mold 2 gnomes a garter snake a gnome zombie 2 geckos 11 jackals a fox a kobold a goblin a sewer rat 4 grid bugs a bat 2 lichens 2 kobold zombies 3 newts 75 creatures vanquished. No species were genocided or became extinct. Voluntary challenges: You read items or engraved 6 times. You engraved Elbereth 5 times. You never genocided any monsters. You never polymorphed an object. You never changed form. You used no wishes. Achievements: You entered a shop. You attained the rank of Cutpurse. You entered the Gnomish Mines. The Dungeons of Doom: levels 1 to 8 Level 1: Some altars to Kos, a fountain. Level 2: Some fountains. Level 3: Level 4: "vault" A fountain. Stairs down to The Gnomish Mines. Level 5: An altar. Level 6: "bars, leprechaun hall" Some fountains. Level 7: "Delphi" <- You were here. Many fountains. Final resting place for you, killed by an Uruk-hai, while sleeping off a magical draught. Level 8: The Gnomish Mines: Level 5: A grave. Final resting place for nabru-Wiz-Elf-Fem-Cha, killed by a gnome lord. Game over: ---------- / \ / REST \ / IN \ / PEACE \ / \ | nurdglaw | | 50 Au | | killed by an | | Uruk-hai | | | | | | 2024 | *| * * * | * _________)/\\_//(\/(/\)/\//\/|_)_______ Goodbye nurdglaw the Rogue... You died in The Dungeons of Doom on dungeon level 7 with 1613 points, and 50 pieces of gold, after 3931 moves. You were level 5 with a maximum of 42 hit points when you died.